Barracuda vs Icehogs
Created - January 26, 2023 at 22:02
Goals
|
| Barracuda |
2 |
1 |
2 |
5 |
| Icehogs |
2 |
2 |
3 |
7 |
|
Shots
|
| Barracuda |
9 |
10 |
14 |
33 |
| Icehogs |
12 |
19 |
9 |
40 |
|
1st period
1. Barracuda , Brandon Kozun 21 (Emil Pettersson 31, Samuel Groulx 7) at 4:11
2. Barracuda , Brandon Kozun 22 (William Carrier 29, Emil Pettersson 32) at 13:30
3. Icehogs , Nick Mattson 3 (Michael Chaput 9, Zach Whitecloud 1) at 16:01
4. Icehogs , Myles Bell 5 (Michael Chaput 10, Mark Visentin) at 17:11
Penalties :
Nick Mattson (Roc) for Slashing (Minor) at 5:00, Nick Mattson (Roc) for Roughing (Minor) at 13:35
2nd period
5. Icehogs , Mikhail Grigorenko 10 (Curtis Lazar 14) at 8:05 (SH)
6. Icehogs , Mikhail Grigorenko 11 (Curtis Lazar 15, Frederik Gauthier 40) at 10:00
7. Barracuda , Cole Ully 13 (Jordan Gross 4) at 13:53
Penalties :
Zach Whitecloud (Roc) for High sticking (Minor) at 7:09
3rd period
8. Icehogs , Nikita Scherbak 1 (Mike Reilly 26, Mattias Janmark 5) at 3:33
9. Icehogs , Mattias Janmark 2 (Andrew Poturalski 1, Frederik Gauthier 41) at 4:42
10. Barracuda , Kyle Platzer 6 (Gustav Lindstrom 1) at 9:27
11. Barracuda , Theodor Blueger 7 (Cole Ully 23) at 14:40
12. Icehogs , Michael Chaput 10 (Calle Andersson 3) at 18:39
Penalties :
Jerome Gauthier-Leduc (S.J) for Hooking (Minor) at 15:19
Goalie Stats
Joacim Eriksson (S.J), 33 saves from 40 shots - (0.825), L, 10-14-5, 60:00 minutes
Mark Visentin (Roc), 28 saves from 33 shots - (0.848), W, 19-8-3, 60:00 minutes
Players Stats for Barracuda
Player Name G A P +/- PIM S H SB GA TA FO MP PP MP PK MP
------------------------------------------------------------------------------------
Aleksi Heponiemi 0 0 0 -1 0 1 0 0 0 0 2/3 9:28 0:00 0:16
Alex Henriksson 0 0 0 -2 0 2 1 1 1 1 0/0 14:15 0:27 0:39
Brandon Kozun 2 0 2 -1 0 5 1 2 1 1 2/6 19:55 3:18 1:03
Chris Wagner 0 0 0 -2 0 1 1 0 0 1 2/3 13:06 0:27 0:00
Cole Ully 1 1 2 2 0 3 2 0 2 1 1/2 17:04 2:18 0:00
Drew O'Connor 0 0 0 -1 0 1 0 0 0 0 0/0 8:25 0:00 0:00
Emil Pettersson 0 2 2 -1 0 2 1 0 1 1 14/30 18:56 3:12 0:17
Eric Gustafsson 0 0 0 -1 0 0 1 0 1 1 0/0 27:44 3:25 1:20
Gustav Lindstrom 0 1 1 1 0 2 0 0 0 0 0/0 13:22 0:00 0:39
Jerome Gauthier-Leduc 0 0 0 -2 2 3 2 2 1 1 0/0 19:40 2:32 0:00
Jordan Gross 0 1 1 1 0 0 0 1 0 0 0/0 12:43 0:00 0:00
Justin Shugg 0 0 0 2 0 2 1 0 0 1 0/0 17:21 2:18 0:00
Kyle Platzer 1 0 1 -1 0 3 0 0 0 0 0/2 11:28 0:00 0:00
Mario Lucia 0 0 0 -2 0 1 0 0 2 0 0/0 10:13 0:21 0:23
Robin Norell 0 0 0 -3 0 1 2 1 0 0 0/0 20:50 2:32 0:55
Samuel Groulx 0 1 1 0 0 2 2 3 0 1 0/0 26:27 3:25 1:04
Theodor Blueger 1 0 1 2 0 2 5 0 0 0 2/9 17:21 2:18 0:17
William Carrier 0 1 1 -1 0 2 1 1 0 0 2/2 19:42 3:12 1:03
Players Stats for Icehogs
Player Name G A P +/- PIM S H SB GA TA FO MP PP MP PK MP
------------------------------------------------------------------------------------
Andrew Poturalski 0 1 1 3 0 1 0 0 0 1 2/4 9:07 0:00 0:00
Calle Andersson 0 1 1 2 0 0 0 0 0 0 0/0 6:40 0:00 0:18
Curtis Lazar 0 2 2 -1 0 6 1 0 1 0 0/1 19:11 1:08 1:50
Dillon Dube 0 0 0 0 0 0 0 0 0 0 1/2 0:57 0:00 0:00
Duncan Siemens 0 0 0 0 0 0 0 1 0 1 0/0 10:04 0:00 0:00
Frederik Gauthier 0 2 2 -2 0 2 0 1 1 2 19/32 20:18 1:08 3:05
Jeremy Davies 0 0 0 0 0 0 2 0 0 0 0/0 11:56 0:00 1:43
JJ. Piccinich 0 0 0 0 0 0 0 0 0 0 0/0 0:07 0:00 0:00
Julius Honka 0 0 0 1 0 3 1 1 0 1 0/0 18:12 0:40 2:42
Kevin Fiala 0 0 0 -2 0 2 0 0 2 0 0/0 13:26 0:51 0:00
Kurtis Gabriel 0 0 0 1 0 0 2 0 1 1 0/0 12:41 0:00 0:00
Mattias Janmark 1 1 2 4 0 2 0 1 2 0 1/1 10:24 0:00 0:50
Michael Chaput 1 2 3 2 0 3 2 2 1 0 2/3 13:28 0:00 0:20
Mike Reilly 0 1 1 -1 0 3 0 2 1 1 0/0 25:22 1:19 3:15
Mikhail Grigorenko 2 0 2 -1 0 8 1 0 0 1 2/3 19:11 1:08 1:50
Myles Bell 1 0 1 1 0 3 1 1 0 0 0/0 12:41 0:00 0:00
Nick Mattson 1 0 1 0 4 2 1 0 0 0 0/0 23:45 1:19 1:14
Nick Paul 0 0 0 -2 0 0 0 0 0 0 1/1 13:26 0:51 0:00
Nikita Scherbak 1 0 1 3 0 3 0 0 0 0 0/0 9:07 0:00 0:00
Patrick Russell 0 0 0 0 0 0 0 0 0 0 0/0 0:53 0:00 0:00
Patrick Sieloff 0 0 0 1 0 0 0 0 0 0 0/0 18:12 0:40 2:42
Ross Johnston 0 0 0 0 0 0 0 0 0 0 0/0 1:32 0:00 0:47
Tanner Richard 0 0 0 -2 0 2 4 1 0 0 4/10 16:46 0:51 3:12
Zach Whitecloud 0 1 1 2 2 0 0 0 0 1 0/0 6:34 0:00 0:00
3 Stars
1 - Michael Chaput (Roc)
2 - Mattias Janmark (Roc)
3 - Mikhail Grigorenko (Roc)
Power Play
Barracuda - 0 on 3 Attempt(s) - 0.00%
Icehogs - 0 on 1 Attempt(s) - 0.00%
Penalty Kill
Barracuda - 1 on 1 Attempt(s) - 100.00%
- Score 0 goal in Penalty Kill
Icehogs - 3 on 3 Attempt(s) - 100.00%
- Score 1 goal in Penalty Kill
Team Stat
Barracuda - Hits : 20 - Faceoff Wins : 25 - Blocked Shots : 11 - Penalty Minutes : 2
Icehogs - Hits : 15 - Faceoff Wins : 32 - Blocked Shots : 10 - Penalty Minutes : 6
Official
Referees : Francois St. Laurent and Jacob Brenk
Linesman : Tyson Baker and Bevan Mills
Game Notes
No Game Note
Finance
Level 1 -- Attendance: 2000 (100.00%) -- Ticket Income $70,000
Level 2 -- Attendance: 981 (98.10%) -- Ticket Income $14,715
Total Attendance: 2981 (99.37%)
Total Ticket Income: $84,715
Other Income: $4,236
Total Income: $88,951
Barracuda
5 vs 5 Forward
Center Left Wing Right Wing Time % Phy DF OF
1 Emil Pettersson William Carrier Brandon Kozun 40 1 2 2
2 Theodor Blueger Cole Ully Justin Shugg 30 1 2 2
3 Kyle Platzer Alex Henriksson Chris Wagner 20 1 2 2
4 Aleksi Heponiemi Drew O'Connor Mario Lucia 10 1 2 2
5 vs 5 Defense
Defense Defense Time % Phy DF OF
1 Eric Gustafsson Samuel Groulx 40 1 2 2
2 Robin Norell Jerome Gauthier-Leduc 30 1 2 2
3 Jordan Gross Gustav Lindstrom 20 1 2 2
4 Eric Gustafsson Samuel Groulx 10 1 2 2
PowerPlay Forward
Center Left Wing Right Wing Time % Phy DF OF
1 Emil Pettersson William Carrier Brandon Kozun 60 1 2 2
2 Theodor Blueger Cole Ully Justin Shugg 40 1 2 2
PowerPlay Defense
Defense Defense Time % Phy DF OF
1 Eric Gustafsson Samuel Groulx 60 1 2 2
2 Robin Norell Jerome Gauthier-Leduc 40 1 2 2
Penalty Kill 4 Players Forward
Center Wing Time % Phy DF OF
1 Brandon Kozun William Carrier 60 1 2 2
2 Emil Pettersson Theodor Blueger 40 1 2 2
Penalty Kill 4 Players Defense
Defense Defense Time % Phy DF OF
1 Eric Gustafsson Samuel Groulx 60 1 2 2
2 Robin Norell Jerome Gauthier-Leduc 40 1 2 2
Penalty Kill - 3 Players Forward
Forward Time % Phy DF OF
1 Brandon Kozun 60 1 2 2
2 William Carrier 40 1 2 2
Penalty Kill - 3 Players Defense
Defense Defense Time % Phy DF OF
1 Eric Gustafsson Samuel Groulx 60 1 2 2
2 Robin Norell Jerome Gauthier-Leduc 40 1 2 2
4 vs 4 Forward
Center Wing Time % Phy DF OF
1 Brandon Kozun William Carrier 60 1 2 2
2 Emil Pettersson Theodor Blueger 40 1 2 2
4 vs 4 Defense
Defense Defense Time % Phy DF OF
1 Eric Gustafsson Samuel Groulx 60 1 2 2
2 Robin Norell Jerome Gauthier-Leduc 40 1 2 2
Last Minutes Offensive
Center Left Wing Right Wing Defense Defense
Emil Pettersson William Carrier Brandon Kozun Eric Gustafsson Samuel Groulx
Last Minutes Defensive
Center Left Wing Right Wing Defense Defense
Emil Pettersson William Carrier Brandon Kozun Eric Gustafsson Samuel Groulx
Goaltenders
Starting : Joacim Eriksson
Backup : Oscar Dansk
Extra Forwards
Normal : Chris Wagner, Alex Henriksson, Mario Lucia - PP : Chris Wagner, Alex Henriksson - PK : Mario Lucia
Extra Defensemen
Normal : Jordan Gross, Gustav Lindstrom, Robin Norell - PP : Jordan Gross - PK : Gustav Lindstrom, Robin Norell
Penalty Shots
Brandon Kozun, William Carrier, Emil Pettersson, Theodor Blueger, Justin Shugg
Scratches
Alex Lintuniemi (Healthy), Ben Jones (Healthy), Jacob Peterson (Healthy), Scott Reedy (Healthy), Jaedon Descheneau (Healthy)
Thomas Gobeil (Healthy), Logan Stanley (Strained Left Knee Injury), Noah Gregor (Healthy), Dennis Cholowski (Healthy), Alexei Toropchenko (Healthy)
Kevin Lankinen (Healthy)
Icehogs
5 vs 5 Forward
Center Left Wing Right Wing Time % Phy DF OF
1 Frederik Gauthier Mikhail Grigorenko Curtis Lazar 40 1 2 2
2 Tanner Richard Nick Paul Kevin Fiala 30 1 2 2
3 Michael Chaput Myles Bell Kurtis Gabriel 20 1 2 2
4 Andrew Poturalski Mattias Janmark Nikita Scherbak 10 1 2 2
5 vs 5 Defense
Defense Defense Time % Phy DF OF
1 Nick Mattson Mike Reilly 40 1 2 2
2 Patrick Sieloff Julius Honka 30 1 2 2
3 Duncan Siemens Jeremy Davies 20 1 2 2
4 Calle Andersson Zach Whitecloud 10 1 2 2
PowerPlay Forward
Center Left Wing Right Wing Time % Phy DF OF
1 Frederik Gauthier Mikhail Grigorenko Curtis Lazar 60 1 2 2
2 Tanner Richard Nick Paul Kevin Fiala 40 1 2 2
PowerPlay Defense
Defense Defense Time % Phy DF OF
1 Nick Mattson Mike Reilly 60 1 2 2
2 Patrick Sieloff Julius Honka 40 1 2 2
Penalty Kill 4 Players Forward
Center Wing Time % Phy DF OF
1 Frederik Gauthier Tanner Richard 60 1 2 2
2 Mikhail Grigorenko Curtis Lazar 40 1 2 2
Penalty Kill 4 Players Defense
Defense Defense Time % Phy DF OF
1 Nick Mattson Mike Reilly 60 1 2 2
2 Patrick Sieloff Julius Honka 40 1 2 2
Penalty Kill - 3 Players Forward
Forward Time % Phy DF OF
1 Frederik Gauthier 60 1 2 2
2 Tanner Richard 40 1 2 2
Penalty Kill - 3 Players Defense
Defense Defense Time % Phy DF OF
1 Nick Mattson Mike Reilly 60 1 2 2
2 Patrick Sieloff Julius Honka 40 1 2 2
4 vs 4 Forward
Center Wing Time % Phy DF OF
1 Frederik Gauthier Tanner Richard 60 1 2 2
2 Mikhail Grigorenko Curtis Lazar 40 1 2 2
4 vs 4 Defense
Defense Defense Time % Phy DF OF
1 Nick Mattson Mike Reilly 60 1 2 2
2 Patrick Sieloff Julius Honka 40 1 2 2
Last Minutes Offensive
Center Left Wing Right Wing Defense Defense
Frederik Gauthier Mikhail Grigorenko Curtis Lazar Nick Mattson Mike Reilly
Last Minutes Defensive
Center Left Wing Right Wing Defense Defense
Frederik Gauthier Mikhail Grigorenko Curtis Lazar Nick Mattson Mike Reilly
Goaltenders
Starting : Mark Visentin
Backup : Mackenzie Blackwood
Extra Forwards
Normal : Dillon Dube, Patrick Russell, Ross Johnston - PP : Dillon Dube, Patrick Russell - PK : Ross Johnston
Extra Defensemen
Normal : Duncan Siemens, Jeremy Davies, Calle Andersson - PP : Duncan Siemens - PK : Jeremy Davies, Calle Andersson
Penalty Shots
Frederik Gauthier, Tanner Richard, Mikhail Grigorenko, Curtis Lazar, Michael Chaput
Scratches
Andrew Mangiapane (Healthy), Clark Bishop (Healthy), Kristian Reichel (Healthy), Jackson Cates (Healthy), Mitchell Chaffee (Healthy)
Michael Giugovaz (Healthy), Jack LaFontaine (Healthy)
% Time on Ice - Barracuda
Lines # - Real PCT - Wanted PCT - Time Play
Normal Forward
1 - 33% - 40% - 17:25
2 - 28% - 30% - 14:46
3 - 22% - 20% - 11:28
4 - 16% - 10% - 8:25
Normal Defense
1 - 37% - 40% - 19:22
2 - 33% - 30% - 17:23
3 - 24% - 20% - 12:43
4 - 5% - 10% - 2:36
PP Forward
1 - 61% - 60% - 3:39
2 - 39% - 40% - 2:18
PP Defense
1 - 57% - 60% - 3:25
2 - 43% - 40% - 2:32
PK Forward
1 - 86% - 60% - 1:42
2 - 14% - 40% - 0:17
PK Defense
1 - 54% - 60% - 1:04
2 - 46% - 40% - 0:55
PK3 Forward
1 - 0% - 60%
2 - 0% - 40%
PK3 Defense
1 - 0% - 60%
2 - 0% - 40%
44 Forward
1 - 0% - 60%
2 - 0% - 40%
44 Defense
1 - 0% - 60%
2 - 0% - 40%
Last Minute Offensive - 0:00
Last Minute Defensive - 0:00
Total
Forward - 60:00
Defense - 60:00
|
% Time on Ice - Icehogs
Lines # - Real PCT - Wanted PCT - Time Play
Normal Forward
1 - 33% - 40% - 17:09
2 - 25% - 30% - 13:07
3 - 24% - 20% - 12:41
4 - 18% - 10% - 9:07
Normal Defense
1 - 40% - 40% - 20:48
2 - 28% - 30% - 14:50
3 - 19% - 20% - 10:04
4 - 12% - 10% - 6:22
PP Forward
1 - 57% - 60% - 1:08
2 - 43% - 40% - 0:51
PP Defense
1 - 66% - 60% - 1:19
2 - 34% - 40% - 0:40
PK Forward
1 - 69% - 60% - 4:07
2 - 31% - 40% - 1:50
PK Defense
1 - 55% - 60% - 3:15
2 - 45% - 40% - 2:42
PK3 Forward
1 - 0% - 60%
2 - 0% - 40%
PK3 Defense
1 - 0% - 60%
2 - 0% - 40%
44 Forward
1 - 0% - 60%
2 - 0% - 40%
44 Defense
1 - 0% - 60%
2 - 0% - 40%
Last Minute Offensive - 0:00
Last Minute Defensive - 0:00
Total
Forward - 60:00
Defense - 60:00
|
Play-by-Play
1st period
0:01 of 1st period - Emil Pettersson wins face-off versus Frederik Gauthier in neutral zone.
0:30 of 1st period - Snap shot by Theodor Blueger.
0:30 of 1st period - Shot Misses the Net.
0:36 of 1st period - Snap shot by Theodor Blueger.
0:36 of 1st period - Shot Misses the Net.
0:38 of 1st period - Snap shot by Justin Shugg.
0:38 of 1st period - Shot Blocked by Mike Reilly.
0:53 of 1st period - Off-side.
0:54 of 1st period - Aleksi Heponiemi wins face-off versus Michael Chaput in neutral zone.
2:20 of 1st period - Snap shot by Mario Lucia.
2:20 of 1st period - Shot Blocked by Michael Chaput.
2:22 of 1st period - Snap shot by Aleksi Heponiemi.
2:22 of 1st period - Shot Hit the Post.
2:48 of 1st period - Wrist shot by Kurtis Gabriel.
2:48 of 1st period - Shot Blocked by Samuel Groulx.
2:58 of 1st period - Wrist shot by Myles Bell.
2:58 of 1st period - Stopped by Joacim Eriksson without a rebound.
2:59 of 1st period - Frederik Gauthier wins face-off versus Emil Pettersson in Barracuda zone.
3:04 of 1st period - Slapshot by Mikhail Grigorenko.
3:04 of 1st period - Stopped by Joacim Eriksson with a rebound.
3:26 of 1st period - Kevin Fiala is hit by Robin Norell and loses puck.
4:11 of 1st period - Wrist shot by Brandon Kozun.
4:11 of 1st period - Goal by Brandon Kozun - Barracuda : 1 - Icehogs : 0.
4:12 of 1st period - Emil Pettersson wins face-off versus Frederik Gauthier in neutral zone.
4:15 of 1st period - Snap shot by Brandon Kozun.
4:15 of 1st period - Stopped by Mark Visentin with a rebound.
4:17 of 1st period - Backhand shot by Brandon Kozun.
4:17 of 1st period - Stopped by Mark Visentin with a rebound.
4:19 of 1st period - Slapshot by Samuel Groulx.
4:19 of 1st period - Shot Blocked by Frederik Gauthier.
4:27 of 1st period - Slapshot by Brandon Kozun.
4:27 of 1st period - Stopped by Mark Visentin with a rebound.
5:00 of 1st period - Minor Penalty to Nick Mattson for Slashing.
5:01 of 1st period - Frederik Gauthier wins face-off versus Emil Pettersson in Icehogs zone.
5:10 of 1st period - Julius Honka is hit by Samuel Groulx and loses puck.
5:27 of 1st period - Frederik Gauthier is hit by Cole Ully.
6:31 of 1st period - Julius Honka is hit by Cole Ully and loses puck.
7:00 of 1st period - Penalty to Nick Mattson is over, Nick Mattson is back on ice.
7:00 of 1st period - Jerome Gauthier-Leduc is hit by Tanner Richard and loses puck.
7:15 of 1st period - Snap shot by Andrew Poturalski.
7:15 of 1st period - Stopped by Joacim Eriksson with a rebound.
7:41 of 1st period - Alex Henriksson is hit by Kurtis Gabriel and loses puck.
7:57 of 1st period - Icing by Gustav Lindstrom.
7:58 of 1st period - Tanner Richard wins face-off versus Aleksi Heponiemi in Barracuda zone.
9:01 of 1st period - Off-side.
9:02 of 1st period - Michael Chaput wins face-off versus Emil Pettersson in neutral zone.
9:07 of 1st period - Slapshot by Michael Chaput.
9:07 of 1st period - Shot Misses the Net.
9:13 of 1st period - Jerome Gauthier-Leduc is hit by Myles Bell and loses puck.
9:22 of 1st period - William Carrier is hit by Kurtis Gabriel and loses puck.
9:29 of 1st period - Calle Andersson is hit by Jerome Gauthier-Leduc.
9:56 of 1st period - William Carrier is hit by Michael Chaput and loses puck.
10:01 of 1st period - Wrist shot by Michael Chaput.
10:01 of 1st period - Shot Blocked by Brandon Kozun.
10:21 of 1st period - Kurtis Gabriel is hit by Robin Norell and loses puck.
10:33 of 1st period - Snap shot by Kurtis Gabriel.
10:33 of 1st period - Shot Misses the Net.
10:35 of 1st period - Slapshot by Julius Honka.
10:35 of 1st period - Shot Blocked by Brandon Kozun.
10:37 of 1st period - Snap shot by Michael Chaput.
10:37 of 1st period - Shot Misses the Net.
10:39 of 1st period - Slapshot by Julius Honka.
10:39 of 1st period - Deflect By Myles Bell.
10:39 of 1st period - Stopped by Joacim Eriksson with a rebound.
10:41 of 1st period - Slapshot by Julius Honka.
10:41 of 1st period - Stopped by Joacim Eriksson with a rebound.
10:43 of 1st period - Slapshot by Julius Honka.
10:43 of 1st period - Deflect By Myles Bell.
10:43 of 1st period - Shot Misses the Net.
10:43 of 1st period - Puck is out of play.
10:44 of 1st period - Theodor Blueger wins face-off versus Mikhail Grigorenko in Barracuda zone.
11:18 of 1st period - Snap shot by Tanner Richard.
11:18 of 1st period - Shot Misses the Net.
11:20 of 1st period - Slapshot by Nick Mattson.
11:20 of 1st period - Shot Misses the Net.
11:36 of 1st period - Wrist shot by Nikita Scherbak.
11:36 of 1st period - Stopped by Joacim Eriksson without a rebound.
11:37 of 1st period - Frederik Gauthier wins face-off versus Cole Ully in Barracuda zone.
11:38 of 1st period - Snap shot by Mikhail Grigorenko.
11:38 of 1st period - Shot Misses the Net.
11:44 of 1st period - Snap shot by Theodor Blueger.
11:44 of 1st period - Shot Misses the Net.
11:46 of 1st period - Snap shot by Justin Shugg.
11:46 of 1st period - Deflect By Theodor Blueger.
11:46 of 1st period - Stopped by Mark Visentin without a rebound.
11:47 of 1st period - Frederik Gauthier wins face-off versus Theodor Blueger in Icehogs zone.
12:48 of 1st period - Snap shot by Curtis Lazar.
12:48 of 1st period - Shot Misses the Net.
13:10 of 1st period - Wrist shot by Frederik Gauthier.
13:10 of 1st period - Shot Misses the Net.
13:24 of 1st period - Snap shot by Cole Ully.
13:24 of 1st period - Deflect By Justin Shugg.
13:24 of 1st period - Shot Misses the Net.
13:24 of 1st period - Puck is out of play.
13:25 of 1st period - Emil Pettersson wins face-off versus Tanner Richard in Icehogs zone.
13:30 of 1st period - Slapshot by Brandon Kozun.
13:30 of 1st period - Goal by Brandon Kozun - Barracuda : 2 - Icehogs : 0.
13:31 of 1st period - Brandon Kozun wins face-off versus Tanner Richard in neutral zone.
13:35 of 1st period - Minor Penalty to Nick Mattson for Roughing.
13:36 of 1st period - Frederik Gauthier wins face-off versus Emil Pettersson in Icehogs zone.
15:20 of 1st period - Samuel Groulx is hit by Jeremy Davies and loses puck.
15:27 of 1st period - Samuel Groulx is hit by Michael Chaput and loses puck.
15:35 of 1st period - Penalty to Nick Mattson is over, Nick Mattson is back on ice.
15:53 of 1st period - Slapshot by Nick Mattson.
15:53 of 1st period - Stopped by Joacim Eriksson with a rebound.
15:59 of 1st period - Backhand shot by Michael Chaput.
15:59 of 1st period - Shot Blocked by Robin Norell.
16:01 of 1st period - Wrist shot by Nick Mattson.
16:01 of 1st period - Goal by Nick Mattson - Barracuda : 2 - Icehogs : 1.
16:02 of 1st period - Emil Pettersson wins face-off versus Tanner Richard in neutral zone.
16:59 of 1st period - Snap shot by Michael Chaput.
16:59 of 1st period - Shot Blocked by Jordan Gross.
17:11 of 1st period - Slapshot by Myles Bell.
17:11 of 1st period - Goal by Myles Bell - Barracuda : 2 - Icehogs : 2.
17:12 of 1st period - Emil Pettersson wins face-off versus Tanner Richard in neutral zone.
17:52 of 1st period - Off-side.
17:53 of 1st period - Cole Ully wins face-off versus Andrew Poturalski in neutral zone.
18:26 of 1st period - Wrist shot by Emil Pettersson.
18:26 of 1st period - Shot Blocked by Tanner Richard.
18:28 of 1st period - Wrist shot by William Carrier.
18:28 of 1st period - Stopped by Mark Visentin with a rebound.
18:30 of 1st period - Snap shot by Jerome Gauthier-Leduc.
18:30 of 1st period - Stopped by Mark Visentin with a rebound.
18:44 of 1st period - Snap shot by Curtis Lazar.
18:44 of 1st period - Shot Misses the Net.
18:46 of 1st period - Slapshot by Nick Mattson.
18:46 of 1st period - Shot Misses the Net.
18:48 of 1st period - Wrist shot by Curtis Lazar.
18:48 of 1st period - Stopped by Joacim Eriksson with a rebound.
18:50 of 1st period - Slapshot by Curtis Lazar.
18:50 of 1st period - Stopped by Joacim Eriksson with a rebound.
18:52 of 1st period - Wrist shot by Frederik Gauthier.
18:52 of 1st period - Stopped by Joacim Eriksson with a rebound.
19:06 of 1st period - Slapshot by Aleksi Heponiemi.
19:06 of 1st period - Stopped by Mark Visentin without a rebound.
19:07 of 1st period - Aleksi Heponiemi wins face-off versus Tanner Richard in Icehogs zone.
19:12 of 1st period - Slapshot by Eric Gustafsson.
19:12 of 1st period - Shot Blocked by Julius Honka.
Goals for this period are 2 for Barracuda vs 2 for Icehogs.
Shots for this period are 9 for Barracuda vs 12 for Icehogs.
2nd period
0:01 of 2nd period - William Carrier wins face-off versus Tanner Richard in neutral zone.
0:14 of 2nd period - Wrist shot by Tanner Richard.
0:14 of 2nd period - Shot Misses the Net.
0:16 of 2nd period - Wrist shot by Tanner Richard.
0:16 of 2nd period - Stopped by Joacim Eriksson with a rebound.
0:28 of 2nd period - Snap shot by Mikhail Grigorenko.
0:28 of 2nd period - Stopped by Joacim Eriksson without a rebound.
0:29 of 2nd period - Theodor Blueger wins face-off versus Frederik Gauthier in Barracuda zone.
0:40 of 2nd period - Snap shot by Mikhail Grigorenko.
0:40 of 2nd period - Shot Misses the Net.
0:42 of 2nd period - Slapshot by Mikhail Grigorenko.
0:42 of 2nd period - Shot Misses the Net.
0:44 of 2nd period - Snap shot by Frederik Gauthier.
0:44 of 2nd period - Shot Blocked by Jerome Gauthier-Leduc.
0:46 of 2nd period - Wrist shot by Curtis Lazar.
0:46 of 2nd period - Stopped by Joacim Eriksson without a rebound.
0:47 of 2nd period - Tanner Richard wins face-off versus Emil Pettersson in Barracuda zone.
1:00 of 2nd period - Snap shot by Kevin Fiala.
1:00 of 2nd period - Stopped by Joacim Eriksson with a rebound.
1:02 of 2nd period - Slapshot by Mike Reilly.
1:02 of 2nd period - Deflect By Tanner Richard.
1:02 of 2nd period - Shot Blocked by Samuel Groulx.
1:02 of 2nd period - Puck is out of play.
1:03 of 2nd period - Frederik Gauthier wins face-off versus Theodor Blueger in Barracuda zone.
1:04 of 2nd period - Snap shot by Curtis Lazar.
1:04 of 2nd period - Shot Misses the Net.
1:20 of 2nd period - Snap shot by Mike Reilly.
1:20 of 2nd period - Stopped by Joacim Eriksson with a rebound.
3:32 of 2nd period - Wrist shot by Michael Chaput.
3:32 of 2nd period - Shot Misses the Net.
3:40 of 2nd period - Slapshot by Samuel Groulx.
3:40 of 2nd period - Stopped by Mark Visentin without a rebound.
3:41 of 2nd period - Frederik Gauthier wins face-off versus Emil Pettersson in Icehogs zone.
3:46 of 2nd period - Wrist shot by Mikhail Grigorenko.
3:46 of 2nd period - Stopped by Joacim Eriksson without a rebound.
3:47 of 2nd period - Emil Pettersson wins face-off versus Frederik Gauthier in Barracuda zone.
4:00 of 2nd period - Wrist shot by Curtis Lazar.
4:00 of 2nd period - Shot Misses the Net.
4:02 of 2nd period - Slapshot by Julius Honka.
4:02 of 2nd period - Stopped by Joacim Eriksson with a rebound.
4:04 of 2nd period - Wrist shot by Curtis Lazar.
4:04 of 2nd period - Stopped by Joacim Eriksson with a rebound.
5:02 of 2nd period - Snap shot by Curtis Lazar.
5:02 of 2nd period - Stopped by Joacim Eriksson with a rebound.
6:04 of 2nd period - Jeremy Davies is hit by Jerome Gauthier-Leduc and loses puck.
6:21 of 2nd period - Brandon Kozun is hit by Jeremy Davies and loses puck.
7:03 of 2nd period - Slapshot by Eric Gustafsson.
7:03 of 2nd period - Shot Misses the Net.
7:09 of 2nd period - Minor Penalty to Zach Whitecloud for High sticking.
7:10 of 2nd period - Frederik Gauthier wins face-off versus Brandon Kozun in Icehogs zone.
7:36 of 2nd period - Mike Reilly is hit by Theodor Blueger and loses puck.
7:43 of 2nd period - Slapshot by Theodor Blueger.
7:43 of 2nd period - Shot Misses the Net.
7:45 of 2nd period - Wrist shot by Cole Ully.
7:45 of 2nd period - Stopped by Mark Visentin without a rebound.
7:46 of 2nd period - Emil Pettersson wins face-off versus Frederik Gauthier in Icehogs zone.
8:03 of 2nd period - Snap shot by Curtis Lazar.
8:03 of 2nd period - Shot Blocked by William Carrier.
8:05 of 2nd period - Snap shot by Mikhail Grigorenko.
8:05 of 2nd period - Goal by Mikhail Grigorenko - Barracuda : 2 - Icehogs : 3.
8:06 of 2nd period - Frederik Gauthier wins face-off versus Emil Pettersson in neutral zone.
8:59 of 2nd period - Icing by Robin Norell.
9:00 of 2nd period - Mikhail Grigorenko wins face-off versus Brandon Kozun in Barracuda zone.
9:09 of 2nd period - Penalty to Zach Whitecloud is over, Zach Whitecloud is back on ice.
9:54 of 2nd period - Backhand shot by Mike Reilly.
9:54 of 2nd period - Deflect By William Carrier.
9:54 of 2nd period - Stopped by Joacim Eriksson without a rebound.
9:55 of 2nd period - Frederik Gauthier wins face-off versus Emil Pettersson in Barracuda zone.
10:00 of 2nd period - Slapshot by Mikhail Grigorenko.
10:00 of 2nd period - Goal by Mikhail Grigorenko - Barracuda : 2 - Icehogs : 4.
10:01 of 2nd period - Frederik Gauthier wins face-off versus Emil Pettersson in neutral zone.
10:28 of 2nd period - Tanner Richard is hit by Theodor Blueger and loses puck.
10:48 of 2nd period - Off-side.
10:49 of 2nd period - Michael Chaput wins face-off versus Kyle Platzer in neutral zone.
11:03 of 2nd period - Slapshot by Kurtis Gabriel.
11:03 of 2nd period - Shot Misses the Net.
11:52 of 2nd period - Snap shot by Michael Chaput.
11:52 of 2nd period - Stopped by Joacim Eriksson with a rebound.
12:00 of 2nd period - Wrist shot by Michael Chaput.
12:00 of 2nd period - Stopped by Joacim Eriksson with a rebound.
12:02 of 2nd period - Wrist shot by Julius Honka.
12:02 of 2nd period - Shot Misses the Net.
12:04 of 2nd period - Slapshot by Julius Honka.
12:04 of 2nd period - Stopped by Joacim Eriksson with a rebound.
12:10 of 2nd period - Snap shot by Michael Chaput.
12:10 of 2nd period - Deflect By Myles Bell.
12:10 of 2nd period - Shot Misses the Net.
12:10 of 2nd period - Puck is out of play.
12:11 of 2nd period - Frederik Gauthier wins face-off versus Brandon Kozun in Barracuda zone.
12:16 of 2nd period - Slapshot by Mikhail Grigorenko.
12:16 of 2nd period - Stopped by Joacim Eriksson with a rebound.
12:26 of 2nd period - Snap shot by Emil Pettersson.
12:26 of 2nd period - Stopped by Mark Visentin with a rebound.
13:02 of 2nd period - Eric Gustafsson is hit by Tanner Richard and loses puck.
13:20 of 2nd period - Backhand shot by William Carrier.
13:20 of 2nd period - Stopped by Mark Visentin with a rebound.
13:22 of 2nd period - Slapshot by Gustav Lindstrom.
13:22 of 2nd period - Stopped by Mark Visentin without a rebound.
13:23 of 2nd period - Mattias Janmark wins face-off versus Emil Pettersson in Icehogs zone.
13:32 of 2nd period - Backhand shot by Brandon Kozun.
13:32 of 2nd period - Shot Blocked by Mattias Janmark.
13:53 of 2nd period - Wrist shot by Cole Ully.
13:53 of 2nd period - Deflect By Frederik Gauthier.
13:53 of 2nd period - Goal by Cole Ully - Barracuda : 3 - Icehogs : 4.
13:54 of 2nd period - Emil Pettersson wins face-off versus Frederik Gauthier in neutral zone.
15:13 of 2nd period - Wrist shot by Michael Chaput.
15:13 of 2nd period - Shot Misses the Net.
15:52 of 2nd period - Icing by Jordan Gross.
15:53 of 2nd period - Tanner Richard wins face-off versus Theodor Blueger in Barracuda zone.
16:09 of 2nd period - Icing by Jordan Gross.
16:10 of 2nd period - Frederik Gauthier wins face-off versus Theodor Blueger in Barracuda zone.
18:05 of 2nd period - Wrist shot by Alex Henriksson.
18:05 of 2nd period - Shot Misses the Net.
18:07 of 2nd period - Snap shot by Gustav Lindstrom.
18:07 of 2nd period - Deflect By Chris Wagner.
18:07 of 2nd period - Stopped by Mark Visentin with a rebound.
18:09 of 2nd period - Slapshot by Gustav Lindstrom.
18:09 of 2nd period - Stopped by Mark Visentin with a rebound.
18:11 of 2nd period - Slapshot by Jordan Gross.
18:11 of 2nd period - Shot Misses the Net.
18:19 of 2nd period - Snap shot by Chris Wagner.
18:19 of 2nd period - Shot Misses the Net.
18:21 of 2nd period - Slapshot by Gustav Lindstrom.
18:21 of 2nd period - Shot Blocked by Myles Bell.
18:23 of 2nd period - Snap shot by Kyle Platzer.
18:23 of 2nd period - Stopped by Mark Visentin without a rebound.
18:24 of 2nd period - Emil Pettersson wins face-off versus Curtis Lazar in Icehogs zone.
18:35 of 2nd period - Snap shot by Curtis Lazar.
18:35 of 2nd period - Deflect By Emil Pettersson.
18:35 of 2nd period - Stopped by Joacim Eriksson with a rebound.
18:37 of 2nd period - Backhand shot by Nick Mattson.
18:37 of 2nd period - Shot Blocked by Samuel Groulx.
18:39 of 2nd period - Wrist shot by Mikhail Grigorenko.
18:39 of 2nd period - Stopped by Joacim Eriksson with a rebound.
19:21 of 2nd period - Snap shot by Mario Lucia.
19:21 of 2nd period - Stopped by Mark Visentin without a rebound.
19:22 of 2nd period - William Carrier wins face-off versus Frederik Gauthier in Icehogs zone.
19:29 of 2nd period - Snap shot by Curtis Lazar.
19:29 of 2nd period - Shot Misses the Net.
19:31 of 2nd period - Slapshot by Frederik Gauthier.
19:31 of 2nd period - Stopped by Joacim Eriksson with a rebound.
Goals for this period are 1 for Barracuda vs 2 for Icehogs.
Shots for this period are 10 for Barracuda vs 19 for Icehogs.
3rd period
0:01 of 3rd period - Frederik Gauthier wins face-off versus Emil Pettersson in neutral zone.
0:16 of 3rd period - Slapshot by William Carrier.
0:16 of 3rd period - Shot Misses the Net.
1:08 of 3rd period - Michael Chaput is hit by Samuel Groulx and loses puck.
1:15 of 3rd period - Wrist shot by Aleksi Heponiemi.
1:15 of 3rd period - Deflect By Mario Lucia.
1:15 of 3rd period - Shot Blocked by Michael Chaput.
1:15 of 3rd period - Puck is out of play.
1:16 of 3rd period - Emil Pettersson wins face-off versus Frederik Gauthier in Icehogs zone.
2:03 of 3rd period - Backhand shot by Mattias Janmark.
2:03 of 3rd period - Shot Blocked by Alex Henriksson.
3:09 of 3rd period - Wrist shot by Tanner Richard.
3:09 of 3rd period - Shot Misses the Net.
3:29 of 3rd period - Snap shot by Mattias Janmark.
3:29 of 3rd period - Stopped by Joacim Eriksson with a rebound.
3:31 of 3rd period - Slapshot by Mike Reilly.
3:31 of 3rd period - Stopped by Joacim Eriksson with a rebound.
3:33 of 3rd period - Snap shot by Nikita Scherbak.
3:33 of 3rd period - Goal by Nikita Scherbak - Barracuda : 3 - Icehogs : 5.
3:34 of 3rd period - Frederik Gauthier wins face-off versus Emil Pettersson in neutral zone.
3:37 of 3rd period - Slapshot by Curtis Lazar.
3:37 of 3rd period - Shot Misses the Net.
3:48 of 3rd period - Snap shot by Emil Pettersson.
3:48 of 3rd period - Stopped by Mark Visentin without a rebound.
3:49 of 3rd period - Nick Paul wins face-off versus Theodor Blueger in Icehogs zone.
3:58 of 3rd period - Samuel Groulx is hit by Tanner Richard and loses puck.
4:15 of 3rd period - Brandon Kozun is hit by Curtis Lazar and loses puck.
4:42 of 3rd period - Wrist shot by Mattias Janmark.
4:42 of 3rd period - Goal by Mattias Janmark - Barracuda : 3 - Icehogs : 6.
4:43 of 3rd period - Emil Pettersson wins face-off versus Frederik Gauthier in neutral zone.
4:50 of 3rd period - Off-side.
4:51 of 3rd period - Frederik Gauthier wins face-off versus Emil Pettersson in neutral zone.
5:18 of 3rd period - Wrist shot by Kyle Platzer.
5:18 of 3rd period - Shot Misses the Net.
5:20 of 3rd period - Snap shot by Samuel Groulx.
5:20 of 3rd period - Stopped by Mark Visentin with a rebound.
5:26 of 3rd period - Snap shot by Kyle Platzer.
5:26 of 3rd period - Shot Blocked by Mike Reilly.
5:38 of 3rd period - Kevin Fiala is hit by Theodor Blueger.
5:44 of 3rd period - Slapshot by Theodor Blueger.
5:44 of 3rd period - Shot Misses the Net.
5:46 of 3rd period - Snap shot by Justin Shugg.
5:46 of 3rd period - Stopped by Mark Visentin with a rebound.
5:48 of 3rd period - Snap shot by Theodor Blueger.
5:48 of 3rd period - Shot Misses the Net.
7:21 of 3rd period - Wrist shot by Mario Lucia.
7:21 of 3rd period - Shot Misses the Net.
7:25 of 3rd period - Slapshot by Mario Lucia.
7:25 of 3rd period - Shot Misses the Net.
7:27 of 3rd period - Slapshot by Aleksi Heponiemi.
7:27 of 3rd period - Shot Misses the Net.
7:29 of 3rd period - Snap shot by Robin Norell.
7:29 of 3rd period - Deflect By Michael Chaput.
7:29 of 3rd period - Stopped by Mark Visentin without a rebound.
7:30 of 3rd period - Emil Pettersson wins face-off versus Frederik Gauthier in Icehogs zone.
7:41 of 3rd period - Curtis Lazar is hit by Brandon Kozun and loses puck.
8:33 of 3rd period - Icing by Jeremy Davies.
8:34 of 3rd period - Andrew Poturalski wins face-off versus Emil Pettersson in Icehogs zone.
8:39 of 3rd period - Emil Pettersson is hit by Mikhail Grigorenko and loses puck.
9:12 of 3rd period - Backhand shot by Justin Shugg.
9:12 of 3rd period - Deflect By Cole Ully.
9:12 of 3rd period - Stopped by Mark Visentin with a rebound.
9:22 of 3rd period - Kevin Fiala is hit by Alex Henriksson and loses puck.
9:27 of 3rd period - Slapshot by Kyle Platzer.
9:27 of 3rd period - Goal by Kyle Platzer - Barracuda : 4 - Icehogs : 6.
9:28 of 3rd period - Frederik Gauthier wins face-off versus Emil Pettersson in neutral zone.
10:10 of 3rd period - Icing by Cole Ully.
10:11 of 3rd period - Chris Wagner wins face-off versus Andrew Poturalski in Barracuda zone.
10:18 of 3rd period - Slapshot by Robin Norell.
10:18 of 3rd period - Shot Misses the Net.
10:20 of 3rd period - Slapshot by Jerome Gauthier-Leduc.
10:20 of 3rd period - Stopped by Mark Visentin with a rebound.
10:22 of 3rd period - Snap shot by Kyle Platzer.
10:22 of 3rd period - Stopped by Mark Visentin with a rebound.
10:24 of 3rd period - Wrist shot by Kyle Platzer.
10:24 of 3rd period - Shot Misses the Net.
10:26 of 3rd period - Slapshot by Jerome Gauthier-Leduc.
10:26 of 3rd period - Stopped by Mark Visentin without a rebound.
10:27 of 3rd period - Emil Pettersson wins face-off versus Frederik Gauthier in Icehogs zone.
11:17 of 3rd period - Justin Shugg is hit by Nick Mattson and loses puck.
11:24 of 3rd period - Slapshot by Andrew Poturalski.
11:24 of 3rd period - Shot Blocked by Jerome Gauthier-Leduc.
11:47 of 3rd period - Myles Bell is hit by William Carrier and loses puck.
12:07 of 3rd period - Snap shot by Drew O'Connor.
12:07 of 3rd period - Stopped by Mark Visentin with a rebound.
12:23 of 3rd period - Wrist shot by Kevin Fiala.
12:23 of 3rd period - Stopped by Joacim Eriksson with a rebound.
12:25 of 3rd period - Wrist shot by Tanner Richard.
12:25 of 3rd period - Stopped by Joacim Eriksson with a rebound.
12:44 of 3rd period - Icing by Nick Mattson.
12:45 of 3rd period - Andrew Poturalski wins face-off versus Theodor Blueger in Icehogs zone.
12:45 of 3rd period - Andrew Poturalski is hit by Theodor Blueger.
12:59 of 3rd period - Slapshot by Eric Gustafsson.
12:59 of 3rd period - Shot Misses the Net.
13:11 of 3rd period - Mattias Janmark is hit by Justin Shugg and loses puck.
14:01 of 3rd period - Andrew Poturalski is hit by Theodor Blueger and loses puck.
14:23 of 3rd period - Icing by Eric Gustafsson.
14:24 of 3rd period - Frederik Gauthier wins face-off versus Theodor Blueger in Barracuda zone.
14:25 of 3rd period - Wrist shot by Mikhail Grigorenko.
14:25 of 3rd period - Stopped by Joacim Eriksson with a rebound.
14:40 of 3rd period - Slapshot by Theodor Blueger.
14:40 of 3rd period - Goal by Theodor Blueger - Barracuda : 5 - Icehogs : 6.
14:41 of 3rd period - Emil Pettersson wins face-off versus Frederik Gauthier in neutral zone.
14:57 of 3rd period - Off-side.
14:58 of 3rd period - Tanner Richard wins face-off versus Kyle Platzer in neutral zone.
15:11 of 3rd period - Nick Mattson is hit by Chris Wagner.
15:19 of 3rd period - Minor Penalty to Jerome Gauthier-Leduc for Hooking.
15:20 of 3rd period - Mikhail Grigorenko wins face-off versus Brandon Kozun in Barracuda zone.
15:29 of 3rd period - Snap shot by Mikhail Grigorenko.
15:29 of 3rd period - Shot Misses the Net.
15:31 of 3rd period - Slapshot by Nick Mattson.
15:31 of 3rd period - Deflect By Curtis Lazar.
15:31 of 3rd period - Shot Misses the Net.
15:31 of 3rd period - Puck is out of play.
15:32 of 3rd period - Brandon Kozun wins face-off versus Frederik Gauthier in Barracuda zone.
17:08 of 3rd period - Nick Mattson is hit by Eric Gustafsson and loses puck.
17:19 of 3rd period - Penalty to Jerome Gauthier-Leduc is over, Jerome Gauthier-Leduc is back on ice.
17:21 of 3rd period - Aleksi Heponiemi is hit by Julius Honka and loses puck.
17:34 of 3rd period - Snap shot by Mattias Janmark.
17:34 of 3rd period - Deflect By Nikita Scherbak.
17:34 of 3rd period - Stopped by Joacim Eriksson with a rebound.
17:54 of 3rd period - Robin Norell is hit by Tanner Richard and loses puck.
18:11 of 3rd period - Wrist shot by Justin Shugg.
18:11 of 3rd period - Stopped by Mark Visentin with a rebound.
18:39 of 3rd period - Wrist shot by Michael Chaput.
18:39 of 3rd period - Goal by Michael Chaput - Barracuda : 5 - Icehogs : 7.
18:40 of 3rd period - Frederik Gauthier wins face-off versus Emil Pettersson in neutral zone.
18:55 of 3rd period - Nick Mattson is hit by Emil Pettersson and loses puck.
19:43 of 3rd period - Icing by Jeremy Davies.
19:44 of 3rd period - Chris Wagner wins face-off versus Dillon Dube in Icehogs zone.
19:45 of 3rd period - Wrist shot by Alex Henriksson.
19:45 of 3rd period - Stopped by Mark Visentin with a rebound.
19:47 of 3rd period - Slapshot by Samuel Groulx.
19:47 of 3rd period - Shot Blocked by Duncan Siemens.
19:49 of 3rd period - Slapshot by Samuel Groulx.
19:49 of 3rd period - Deflect By Alex Henriksson.
19:49 of 3rd period - Stopped by Mark Visentin without a rebound.
19:50 of 3rd period - Dillon Dube wins face-off versus Chris Wagner in Icehogs zone.
Goals for this period are 2 for Barracuda vs 3 for Icehogs.
Shots for this period are 14 for Barracuda vs 9 for Icehogs.